 Dungeon Crawl Stone Soup version 0.27.0-1-g7a089689b8 (webtiles) character file.

Game seed: 9002753047180800883

210 LunaMoon the Magician (level 5, -9/27 (28) HPs)
             Began as a Deep Elf Arcane Marksman on July 31, 2021.
             Mangled by a gnoll (13 damage)
             ... on level 3 of the Dungeon.
             The game lasted 00:28:15 (5648 turns).

LunaMoon the Magician (Deep Elf Arcane Marksman)    Turns: 5648, Time: 00:28:16

HP:   -9/27 (28)    AC:  2    Str: 19    XL:     5   Next: 57%
MP:   15/15         EV: 12    Int: 19    God:
Gold: 252           SH:  0    Dex: 15    Spells: 2/15 levels left

rFire    . . .     SeeInvis .   h - +0 short sword
rCold    . . .     Faith    .   (no shield)
rNeg     . . .     Spirit   .   d - +0 robe
rPois    .         Reflect  .   (no helmet)
rElec    .         Harm     .   n - scarf {+Inv}
rCorr    .         Rampage  .   (no gloves)
Will     .....                  (no boots)
Stlth    +.........             (no amulet)
HPRegen  0.09/turn              g - +6 ring of strength
MPRegen  0.14/turn              e - +6 ring of strength

@: lightly drained
A: no striking features
a: Evoke Invisibility


You were on level 3 of the Dungeon.
You visited 1 branch of the dungeon, and saw 4 of its levels.
You also visited: Sewer.

You collected 252 gold pieces.

Inventory:

Hand Weapons
 a - a +0 shortbow
 h - a +0 short sword (weapon)
Missiles
 j - 3 javelins (quivered)
 m - 26 poisoned darts
 p - 15 arrows
Armour
 d - a +0 robe (worn)
 n - a scarf of invisibility (worn)
Magical Staves
 b - a staff of conjuration
 s - a staff of death
Jewellery
 e - a +6 ring of strength (right hand)
 g - a +6 ring of strength (left hand)
Wands
 k - a wand of flame (17)
Scrolls
 c - a scroll of enchant armour {unknown}
 f - 2 scrolls of identify {unknown}
 i - a scroll of fog {unknown}
 l - a scroll of teleportation {unknown}
 q - a scroll of fear
Potions
 o - a potion of ambrosia
 r - a potion of curing


   Skills:
 - Level 0.7 Fighting
 - Level 2.9 Bows
 - Level 2.4 Dodging
 + Level 5.9 Spellcasting
 + Level 0.9 Conjurations
 + Level 4.4 Hexes
 + Level 2.7 Evocations


You had 2 spell levels left.
You knew the following spells:

 Your Spells              Type           Power      Damage    Failure   Level
a - Corona                Hex            24%        N/A       1%          1
b - Slow                  Hex            22%        N/A       2%          2
c - Inner Flame           Hex/Fire       14%        N/A       14%         3
d - Portal Projectile     Hex/Tloc       28%        N/A       14%         3
e - Cause Fear            Hex            11%        N/A       19%         4

Your spell library contained the following spells:

 Spells                   Type           Power      Damage    Failure   Level
 Malign Gateway           Summ/Tloc      2%         N/A       100%        7
 Summon Horrible Things   Summ           2%         N/A       100%        8
 Chain Lightning          Conj/Air       3%         3d4       100%        9
 Fire Storm               Conj/Fire      3%         8d1       100%        9


Dungeon Overview and Level Annotations

Branches:
Dungeon (4/15)              Sewer (visited)
 Temple: D:4-7

Altars:
Yredelemnul


Message History

You see here a ball python corpse.
j - 2 javelins (gained 1)
j - 3 javelins (gained 1)
You open the door.
There is an open door here.
As you open the door, it creaks loudly!
You open the door.
A gnoll comes into view. It is wielding a +0 whip.
The gnoll shouts!
You hear a shout! x2
A gnoll comes into view. It is wielding a +0 club. x2
Casting: Inner Flame (quite dangerous; 14% risk of failure)
Confirm with . or Enter, or press ? or * to list all spells.
Aiming: Slow (safe; 2% risk of failure)
Press: ? - help, Shift-Dir - straight line, f - gnoll
Aim: a gnoll, wielding a +0 whip (chance to affect: 70%)
Okay, then.
Hit: h) +0 short sword
Press: ? - help, Dir - move target, f - gnoll
Aim: a gnoll, wielding a +0 whip (about 36% to evade your +0 short sword)
Okay, then.
The gnoll shouts!
The gnoll closely misses you.
A gnoll comes into view. It is wielding a +0 flail.
The gnoll shouts!
There is a stone staircase leading up here.
The gnoll misses you. The gnoll misses you.
The gnoll hits you but does no damage. The gnoll hits you with a +0 whip!
The gnoll closely misses you. The gnoll closely misses you.
The gnoll barely misses you. The gnoll hits you with a +0 club.
The gnoll hits you with a +0 flail!
* * * LOW HITPOINT WARNING * * *
You climb upwards.
There is a stone staircase leading down here.
The gnoll hits you with a +0 whip.
* * * LOW HITPOINT WARNING * * *
The gnoll hits you with a +0 flail!
You die...

..#≈≈≈### #........#o#######...
.##≈≈≈# #......#.#)#<....#.#.
..#...#######......#.#.#.....#.#.
.#..........#......#......####.#.
............###.#+##...........#.
.)..........# #...##......####.#.
............# ##..##.#.........#.
............####gg#..........#.#.
................@g...........+.#.
............######...........#.#.
............# #..........(......
............# #.#.........####.#
............# #.#.........##....
............# #.#.........#.....
.#..........# #.#.........#.....
###.###...### ##.#.######......_.
#.# #.### #..#.# #..#.....


You could see 3 gnolls.

Vanquished Creatures
  A bullfrog (Sewer)
  3 gnolls (D:3)
  An adder (D:1)
  2 worms
  3 orcs (D:3)
  6 ball pythons
  A bat (D:3)
  9 endoplasms
  9 giant cockroaches
  4 goblins
  7 hobgoblins
  12 jackals
  8 quokkas
  8 frilled lizards
  5 kobolds
  9 rats
88 creatures vanquished.

Vanquished Creatures (others)
  2 fungi (D:1)
  2 plants (D:1)
  6 toadstools (D:1)
10 creatures vanquished.

Grand Total: 98 creatures vanquished

Notes
Turn   | Place    | Note
-------+----------+-------------------------------------------
     0 | D:1      | LunaMoon the Deep Elf Arcane Marksman began the quest for
                  | the Orb.
     0 | D:1      | Reached XP level 1. HP: 11/11 MP: 5/5
   479 | D:1      | Reached skill level 2 in Spellcasting
   511 | D:1      | Reached XP level 2. HP: 13/16 MP: 5/7
   514 | D:1      | Learned a level 2 spell: Slow
   857 | D:1      | Reached skill level 3 in Spellcasting
  1392 | D:1      | Reached XP level 3. HP: 20/20 MP: 10/10
  2038 | D:2      | Learned a level 3 spell: Inner Flame
  2119 | D:2      | Learned a level 3 spell: Portal Projectile
  2209 | D:2      | Reached skill level 4 in Spellcasting
  3133 | D:3      | Found a faded altar of an unknown god.
  3151 | D:3      | Found a glowing drain.
  3252 | Sewer    | Entered a sewer
  3280 | Sewer    | Reached XP level 4. HP: 24/24 MP: 9/12
  3403 | Sewer    | Reached skill level 1 in Evocations
  3528 | Sewer    | Reached skill level 5 in Spellcasting
  3810 | Sewer    | Noticed a bullfrog
  3829 | Sewer    | Killed a bullfrog
  3830 | Sewer    | Reached XP level 5. HP: 27/28 MP: 15/15
  3859 | Sewer    | Learned a level 4 spell: Cause Fear
  4146 | D:3      | Found a basalt altar of Yredelemnul.
  5648 | D:3      | Mangled by a gnoll

Illustrated notes

Levels and vault maps discovered:
D:1:      dpeg_arrival_pits, layout_basic, minmay_gold_behind_fungi,
          serial_bayou_pond_d
D:2:      layout_basic
D:3:      layout_basic, old_standard_altar, portal_sewer_entry_f,
          hellmonk_ecumenical_altar_run_dry, minmay_cupped
D:4:      layout_gridville, serial_shops, nicolae_shop_trees,
          nicolae_inconvenience_store, nicolae_shop_statue_plus,
          kennysheep_mini_moat, shop

Skill      XL: |  1  2  3  4 |
---------------+-------------+-----
Spellcasting   | 2 3 4 5 |  5.9
Evocations     | 2 |  2.7
Fighting       | |  0.7
Bows           | |  2.9
Dodging        | |  2.4
Conjurations   | |  0.9
Hexes          | |  4.4

Action                   |  1- 3 |  4- 6 || total
-------------------------+-------+-------++-------
Melee: Shortbow          |    14 |     2 ||    16
       Unarmed           |    12 |       ||    12
       Short sword       |       |    26 ||    26
 Fire: Shortbow          |   121 |    64 ||   185
Throw: Javelin           |    11 |    19 ||    30
       Dart              |       |    41 ||    41
 Cast: Corona            |     8 |       ||     8
       Slow              |    44 |    16 ||    60
       Inner Flame       |     2 |     3 ||     5
       Portal Projectile |       |     1 ||     1
  Use: Scroll            |     3 |       ||     3
       Potion            |     1 |     3 ||     4
Armor: Robe              |    11 |    10 ||    21
Dodge: Dodged            |    45 |    72 ||   117
